[Event "Titled Tuesday Blitz February 28 Late 2023"]
[White "TimGrutter03"]
[Black "Zhigalko, Sergei"]
[BlackFideId "13502956"]
[WhiteElo "2466"]
[BlackElo "2626"]
[Result "0-1"]
[Round "01"]
[TimeControl "180+2"]
[Date "2023.02.28"]
[WhiteClock "0:00:11"]
[BlackClock "0:00:49"]

1. e4 c5 2. Nf3 Nc6 3. Bb5 Nf6 4. e5 Nd5 5. O-O Nc7 6. Bxc6 dxc6 7. d3 h6 8. Nbd2 Bf5 9. Nc4 Ne6 10. a4 g5 11. a5 Bg7 12. Re1 Qc7 13. Nfd2 Rd8 14. Nb3 b5 15. axb6 axb6 16. Qf3 Bg6 17. Ra6 Rb8 18. Bd2 O-O 19. Rea1 Rfd8 20. h3 Rd5 21. Nxb6 Rxb6 22. Ba5 Rxa6 23. Bxc7 Rxa1+ 24. Nxa1 Nxc7 25. Nb3 Ne6 26. Na5 Nd4 27. Qd1 Rxe5 28. c3 Ne2+ 29. Kf1 Nf4 30. Nxc6 Re6 31. Qa4 Nxd3 32. Kg1 Nxb2 33. Qa8+ Kh7 34. Qb7 Nd3 35. Nxe7 Re1+ 36. Kh2 Be5+ 37. g3 Be4 0-1


[Site "https://www.chess.com"]

[Event "Titled Tuesday Blitz February 28 Late 2023"]
[White "Ibarra Jerez, Jose Carlos"]
[Black "Rodriguez Fontecha, Marcos"]
[WhiteFideId "2226332"]
[BlackFideId "2256576"]
[WhiteElo "2638"]
[BlackElo "2263"]
[Result "1/2-1/2"]
[Round "01"]
[TimeControl "180+2"]
[Date "2023.02.28"]
[WhiteClock "0:00:04"]
[BlackClock "0:00:09"]

1. e4 e6 2. d4 d5 3. Nc3 h6 4. Nf3 Nf6 5. Bd3 Bb4 6. e5 Ne4 7. Bd2 Nxd2 8. Qxd2 c5 9. a3 Qa5 10. O-O Bxc3 11. bxc3 Nc6 12. Rfd1 Bd7 13. Rab1 cxd4 14. cxd4 Qxd2 15. Rxd2 Na5 16. Kf1 Rc8 17. Ke1 Rc3 18. Ra1 Ke7 19. Rdd1 Nc4 20. Rdb1 b6 21. Rb3 Rxb3 22. cxb3 Na5 23. Bc2 Rc8 24. Kd2 Bb5 25. h4 Nc6 26. Re1 a5 27. Re3 Bf1 28. g3 Bg2 29. Kd3 Bf1+ 30. Kd2 Bg2 31. Ne1 Nxd4 32. Bb1 Bh3 33. Rc3 Rxc3 34. Kxc3 Nb5+ 35. Kb2 Bf5 36. Bxf5 exf5 37. a4 Nd4 38. Kc3 Nc6 39. f4 g5 40. h5 f6 41. exf6+ Kxf6 42. Nf3 gxf4 43. gxf4 Ke6 44. Kd3 Kd6 45. Nh4 Ne7 46. Kd4 Nc6+ 47. Kd3 Ne7 48. Kd4 Ke6 49. Ke3 Nc6 50. Nf3 Kd6 51. Kd3 Kc5 52. Nh4 Ne7 53. Nf3 Kd6 54. Ne5 Ng8 55. Kd4 Nf6 56. Nf7+ Ke6 57. Nd8+ Kd6 58. Nf7+ Ke6 59. Nd8+ Kd6 60. Nf7+ 1/2-1/2


[Site "https://www.chess.com"]

[Event "Titled Tuesday Blitz February 28 Late 2023"]
[White "Sokolin, Leonid"]
[Black "Madaminov, Mukhiddin"]
[WhiteFideId "2009161"]
[BlackFideId "14210703"]
[WhiteElo "2394"]
[BlackElo "2511"]
[Result "0-1"]
[Round "01"]
[TimeControl "180+2"]
[Date "2023.02.28"]
[WhiteClock "0:00:03"]
[BlackClock "0:00:02"]

1. e4 e5 2. Nf3 Nc6 3. Nc3 Nf6 4. Bb5 Bb4 5. O-O O-O 6. Bxc6 dxc6 7. d3 Nd7 8. Ne2 Re8 9. Ng3 Bf8 10. Be3 c5 11. Nd2 Nb8 12. f4 exf4 13. Rxf4 Nc6 14. Rf2 Ne5 15. h3 g6 16. Nf3 Bd6 17. Nxe5 Bxe5 18. Qf3 Be6 19. Bxc5 b6 20. Ba3 c5 21. Ne2 Rc8 22. Rd1 b5 23. b3 Qa5 24. Bc1 Qxa2 25. Bf4 Bg7 26. Be3 Qxc2 27. Nd4 cxd4 28. Rxc2 Rxc2 29. Bg5 Bxb3 30. Rb1 Ba4 31. Bf6 Rc6 32. e5 Rb6 33. Qf4 Bc2 34. Rb4 Bxd3 35. Rxd4 Bc4 36. Rd6 Bf8 37. Rxb6 axb6 38. Kh2 Be6 39. Qd4 Bc5 40. Qd2 b4 41. Qd3 b3 42. Qb5 Ra8 43. Qc6 Rc8 44. Qb5 Bc4 45. Qd7 Ra8 46. Qb7 Rf8 47. Qe4 Be6 48. Qf4 Rc8 49. Qd2 Bf8 50. Qd4 b5 51. h4 h5 52. Qd2 Kh7 53. Qd4 Ba3 0-1


[Site "https://www.chess.com"]

[Event "Titled Tuesday Blitz February 28 Late 2023"]
[White "Li, Ruifeng"]
[Black "Aydin, Gulenay"]
[WhiteFideId "2061074"]
[BlackFideId "34557431"]
[WhiteElo "2441"]
[BlackElo "2009"]
[Result "1/2-1/2"]
[Round "01"]
[TimeControl "180+2"]
[Date "2023.02.28"]
[WhiteClock "0:00:10"]
[BlackClock "0:00:04"]

1. b3 Nf6 2. Bb2 g6 3. g4 h6 4. e3 Bg7 5. d4 d6 6. f3 h5 7. g5 Nfd7 8. f4 c5 9. Nf3 O-O 10. Nc3 cxd4 11. exd4 Nb6 12. Qd2 Bg4 13. Bg2 Nc6 14. h3 Bxf3 15. Bxf3 Nxd4 16. Bxb7 Rb8 17. Be4 d5 18. Nxd5 Nxc2+ 19. Qxc2 Nxd5 20. Bxg7 Kxg7 21. Qb2+ Kg8 22. O-O-O Qc7+ 23. Bc2 Ne3 24. Rd3 Qxf4 25. Kb1 Rbc8 26. Rc3 Nxc2 27. Rxc2 Qe4 28. Rd1 Qf5 29. h4 e6 30. Qc1 Rfd8 31. Rxd8+ Rxd8 32. Kb2 Qe5+ 33. Kb1 Qf5 34. Kb2 Qe5+ 35. Kb1 Qe4 36. Kb2 Qd4+ 37. Kb1 Qd3 38. Kb2 Qd4+ 39. Kb1 Qe4 40. Kb2 Qb7 41. Qf1 Qd7 42. Qf6 Qd4+ 43. Ka3 Qd6+ 44. Kb2 Qd4+ 45. Ka3 Qd6+ 46. Kb2 Qd4+ 1/2-1/2


[Site "https://www.chess.com"]

[Event "Titled Tuesday Blitz February 28 Late 2023"]
[White "Plotkin, Victor"]
[Black "Perez Ponsa, Federico"]
[WhiteFideId "2606674"]
[BlackFideId "117927"]
[WhiteElo "2214"]
[BlackElo "2592"]
[Result "0-1"]
[Round "01"]
[TimeControl "180+2"]
[Date "2023.02.28"]
[WhiteClock "0:00:09"]
[BlackClock "0:00:12"]

1. e4 c5 2. c3 Nf6 3. e5 Nd5 4. d4 cxd4 5. Nf3 Nc6 6. Bc4 Nb6 7. Bb3 d6 8. exd6 Qxd6 9. O-O Be6 10. cxd4 Bxb3 11. Qxb3 e6 12. Nc3 Be7 13. Rd1 Qb4 14. d5 Qxb3 15. axb3 exd5 16. Nxd5 Nxd5 17. Rxd5 O-O 18. Be3 Rfd8 19. Rad1 Kf8 20. Kf1 Bf6 21. Rxd8+ Rxd8 22. Rxd8+ Bxd8 23. Nd4 Nxd4 24. Bxd4 a6 25. Ke2 f6 26. Kd3 Ke7 27. Ke4 Ke6 28. g4 g6 29. f3 Bc7 30. h3 f5+ 31. gxf5+ gxf5+ 32. Kd3 Kd5 33. Bc3 Bd6 34. Bd4 Be7 35. Bc3 b5 36. Bd4 Bd6 37. Bc3 Bc5 38. b4 Bd6 39. b3 Bf4 40. Be1 Bc1 41. Bc3 Bf4 42. Be1 Bc7 43. Bc3 Bd6 44. Ke3 h5 45. Kd3 Be7 46. Ke3 Bg5+ 47. Kd3 Bf4 48. Be1 Be5 49. Bd2 Ke6 50. Be1 Bf6 51. Bg3 Bg7 52. Bf2 Bf8 53. Be1 Ke5 54. Bg3+ Kf6 55. Bh4+ Kg6 56. Kc3 Bd6 57. Bd8 Kf7 58. Bh4 Ke6 59. Be1 Kf6 60. Bh4+ Kg6 61. Bd8 Bg3 62. Be7 Kf7 63. Bc5 Ke6 64. Kd3 Kd5 65. Bf8 Bf2 66. Be7 Ke5 67. Ke2 Bb6 68. Bg5 Kd5 69. Kd3 Bf2 70. Bd2 Bg3 71. Bc3 Bf4 72. Bd2 Bxd2 73. Kxd2 Kd4 74. h4 f4 0-1


[Site "https://www.chess.com"]

[Event "Titled Tuesday Blitz February 28 Late 2023"]
[White "Kravtsiv, Martyn"]
[Black "Marczuk, Dominik"]
[WhiteFideId "14113147"]
[BlackFideId "1111264"]
[WhiteElo "2695"]
[BlackElo "2174"]
[Result "1-0"]
[Round "01"]
[TimeControl "180+2"]
[Date "2023.02.28"]
[WhiteClock "0:00:40"]
[BlackClock "0:00:23"]

1. e4 c5 2. Nf3 Nc6 3. Bb5 g6 4. O-O Bg7 5. Bxc6 bxc6 6. c3 Nf6 7. Re1 O-O 8. e5 Nd5 9. c4 Nc7 10. Nc3 Ne6 11. d3 d5 12. b3 Nd4 13. Nxd4 cxd4 14. Na4 dxc4 15. dxc4 Qa5 16. Bd2 Qc7 17. f4 c5 18. Qf3 Bb7 19. Qg3 e6 20. Bc1 Rfd8 21. Ba3 Bf8 22. Rad1 Bc6 23. Nxc5 Qa5 24. b4 Qb6 25. f5 Bxc5 26. bxc5 Qa6 27. f6 Qxc4 28. Qg5 Kh8 29. Bb2 Rab8 30. Qh6 Rg8 31. Rxd4 Qc2 32. Qxh7+ Kxh7 33. Rh4# 1-0


[Site "https://www.chess.com"]

[Event "Titled Tuesday Blitz February 28 Late 2023"]
[White "Tworuszka, Michal"]
[Black "Bernadskiy, Vitaliy"]
[WhiteFideId "1117858"]
[BlackFideId "14100371"]
[WhiteElo "2461"]
[BlackElo "2488"]
[Result "1/2-1/2"]
[Round "01"]
[TimeControl "180+2"]
[Date "2023.02.28"]
[WhiteClock "0:00:09"]
[BlackClock "0:00:18"]

1. e4 c6 2. d4 g6 3. c4 Bg7 4. Nc3 d6 5. Nge2 a5 6. f3 Na6 7. Bg5 h6 8. Bh4 Nc7 9. Qd2 b5 10. Nc1 b4 11. Nd1 Ne6 12. Bf2 Nf6 13. Be2 O-O 14. O-O Nd7 15. Be3 Kh7 16. Nf2 c5 17. d5 Nd4 18. Bd1 Nb6 19. b3 a4 20. Rb1 axb3 21. axb3 e6 22. Ne2 e5 23. f4 f5 24. fxe5 dxe5 25. Qc1 f4 26. Bd2 Nxe2+ 27. Bxe2 Bd7 28. Nd3 Qe7 29. Be1 g5 30. Bf2 Rac8 31. Nxb4 g4 32. Nc6 Bxc6 33. dxc6 f3 34. gxf3 gxf3 35. Bd1 Rxc6 36. Kh1 Qe8 37. Rg1 Rg6 38. Bc2 Nd7 39. Qe3 Rff6 40. Rxg6 Qxg6 41. Rg1 Qh5 42. Bd1 Qh3 43. Rg3 Qf1+ 44. Rg1 Qh3 45. Rg3 Qe6 46. Rxf3 Qd6 47. Be2 Qa6 48. Rxf6 Nxf6 49. Qf3 Qa1+ 50. Kg2 Qb1 51. Qf5+ Kh8 52. Bf3 Qxb3 53. Qc8+ Kh7 54. Qf5+ Kh8 55. Qc8+ Ng8 56. Bg4 Qxc4 57. Be6 Qxe4+ 58. Kg1 Qg6+ 59. Kf1 Bf6 60. Bxc5 Qd3+ 61. Kg1 Qg6+ 62. Kf1 Qb1+ 63. Kg2 Qc2+ 64. Kf1 Qd3+ 65. Kg2 Qg6+ 66. Kf1 1/2-1/2


[Site "https://www.chess.com"]

[Event "Titled Tuesday Blitz February 28 Late 2023"]
[White "Rostovtsev, Dmitry"]
[Black "Girsh, Daniel"]
[WhiteFideId "34278320"]
[BlackFideId "30949190"]
[WhiteElo "2330"]
[BlackElo "2075"]
[Result "1-0"]
[Round "01"]
[TimeControl "180+2"]
[Date "2023.02.28"]
[WhiteClock "0:00:03"]
[BlackClock "0:00:15"]

1. e4 c5 2. Nf3 d6 3. d4 cxd4 4. Qxd4 Nf6 5. Nc3 a6 6. Bg5 Nc6 7. Qd3 e6 8. O-O-O Bd7 9. Bf4 e5 10. Bg5 h6 11. Bxf6 Qxf6 12. Nd5 Qd8 13. Kb1 Be6 14. Nd2 Be7 15. Be2 O-O 16. c3 b5 17. Nb3 Kh8 18. Nxe7 Qxe7 19. Qxd6 Bxb3 20. axb3 Qb7 21. Qd7 Qb6 22. Rd6 Qxf2 23. Bf3 Na5 24. Rd2 Qh4 25. Rhd1 Nxb3 26. Rd5 Qxh2 27. Qf5 Qf4 28. Rxe5 Qxf5 29. exf5 Rae8 30. Rxe8 Rxe8 31. Rd7 f6 32. Bh5 Rc8 33. Ra7 Nc5 34. Bg6 Kg8 35. Kc2 Kf8 36. Rf7+ Kg8 37. Ra7 Kf8 38. g4 Kg8 39. Kd2 Rd8+ 40. Ke3 Rd3+ 41. Ke2 Rd8 42. Kf3 Rc8 43. Ke3 Rd8 44. Kf4 Nd3+ 45. Kg3 Nxb2 46. Rxa6 Nd1 47. Rc6 Rd3+ 48. Kf4 Rd8 49. Rc5 Rb8 50. Kf3 Nb2 51. Ke4 Na4 52. Rc7 Rd8 53. Bf7+ Kf8 54. Be6 Rd1 55. Rf7+ Ke8 56. Rxg7 Nxc3+ 57. Ke3 b4 58. Rb7 Nd5+ 59. Kf3 Rd4 60. Bxd5 Rxd5 61. Rxb4 Kf7 62. Kg3 Re5 63. Rb7+ Kg8 64. Kh4 Re4 65. Kh5 Kf8 66. Rh7 Ke8 67. Rxh6 Kf7 68. Rh7+ Kg8 69. Ra7 Kf8 70. Rb7 Kg8 71. Rc7 Kf8 72. Rd7 Ra4 73. Rd6 Ke7 74. Rb6 Rc4 75. Re6+ Kf7 76. Re1 Rc2 77. Kh4 Rh2+ 78. Kg3 Rc2 79. Re3 Rb2 80. Ra3 Rc2 81. Ra7+ Kf8 82. Kh4 Rh2+ 83. Kg3 Rc2 84. Kf4 Rc4+ 85. Kf3 Rc3+ 86. Kg2 Rd3 87. Rc7 Kg8 88. Re7 Kf8 89. Re6 Kf7 90. Kf2 Ra3 91. Re3 Ra2+ 92. Kf3 Ra4 93. Rb3 Rc4 94. Rb7+ Kf8 95. Kg3 Rc1 96. Rb2 Rc3+ 97. Kh4 Rc1 98. Kh5 Rc4 99. Rb7 Rd4 100. Kg6 Rxg4+ 101. Kxf6 Kg8 102. Rb8+ Kh7 103. Ke6 Re4+ 104. Kf7 Rf4 105. f6 Rf5 106. Rb3 Rf1 107. Rh3# 1-0


[Site "https://www.chess.com"]

[Event "Titled Tuesday Blitz February 28 Late 2023"]
[White "Grot, Blazej"]
[Black "Vasquez Schroeder, Rodrigo"]
[WhiteFideId "21835845"]
[BlackFideId "3400042"]
[WhiteElo "1823"]
[BlackElo "2600"]
[Result "0-1"]
[Round "01"]
[TimeControl "180+2"]
[Date "2023.02.28"]
[WhiteClock "0:00:02"]
[BlackClock "0:02:00"]

1. e4 c6 2. Nf3 d5 3. d3 Qc7 4. Nbd2 Bg4 5. g3 e6 6. Bg2 Nf6 7. O-O Nbd7 8. c3 dxe4 9. dxe4 e5 10. h3 Bh5 11. Qb3 Be7 12. Re1 O-O 13. a4 a5 14. Nc4 Bxf3 15. Bxf3 Bc5 16. Be3 Bxe3 17. Nxe3 Nc5 18. Qc4 Qb6 19. Nf5 g6 20. Ne3 Rad8 21. Rad1 h5 22. g4 hxg4 23. hxg4 Ne6 24. b4 axb4 25. cxb4 Nd4 26. Bg2 Nh7 27. a5 Qa7 28. g5 Nxg5 29. Ng4 Qb8 30. Rd3 Qd6 31. Red1 Nge6 32. Nf6+ Kg7 33. Ng4 Nf4 34. R3d2 f6 35. Ne3 Qe7 36. Qc1 Nde2+ 37. Rxe2 Nxe2+ 0-1


[Site "https://www.chess.com"]

[Event "Titled Tuesday Blitz February 28 Late 2023"]
[White "Baskakov, Egor"]
[Black "Golubev, Mikhail"]
[WhiteFideId "24197866"]
[BlackFideId "14100983"]
[WhiteElo "2212"]
[BlackElo "2374"]
[Result "1-0"]
[Round "01"]
[TimeControl "180+2"]
[Date "2023.02.28"]
[WhiteClock "0:00:21"]
[BlackClock "0:00:01"]

1. e4 c5 2. Nf3 d6 3. d4 cxd4 4. Nxd4 Nf6 5. Nc3 g6 6. g3 Nc6 7. Nde2 Bd7 8. Bg2 Qc8 9. h3 Bg7 10. Nf4 O-O 11. O-O Re8 12. Kh2 Rb8 13. a4 a6 14. Ncd5 b5 15. a5 Nxd5 16. Nxd5 Qd8 17. c3 Nxa5 18. Nb4 Nc6 19. Nxc6 Bxc6 20. Rxa6 Qc8 21. Ra7 b4 22. c4 b3 23. Qe2 Ra8 24. Rxa8 Qxa8 25. Qd3 Rb8 26. f4 Qa1 27. Qe2 Qb1 28. e5 Bxg2 29. Kxg2 Ra8 30. e6 f5 31. Qd1 Ra1 32. c5 Qe4+ 33. Kh2 Bxb2 34. cxd6 Rxc1 35. dxe7 Rc2+ 36. Qxc2 Qxc2+ 37. Kg1 Qc6 38. Rd1 Ba3 39. Rd8+ Kg7 40. e8=Q Bc5+ 41. Kh2 Qxe8 42. Rxe8 Kf6 43. Rb8 Kxe6 44. Rxb3 h5 45. Kg2 Kf7 46. Kf3 Bd4 47. g4 Bf6 48. Rb7+ Ke6 49. Rb6+ Kf7 50. gxf5 gxf5 51. Ra6 1-0


[Site "https://www.chess.com"]

[Event "Titled Tuesday Blitz February 28 Late 2023"]
[White "Przybylski, Wojciech"]
[Black "Melkumyan, Hrant"]
[WhiteFideId "1117599"]
[BlackFideId "13302485"]
[WhiteElo "2222"]
[BlackElo "2604"]
[Result "1-0"]
[Round "01"]
[TimeControl "180+2"]
[Date "2023.02.28"]
[WhiteClock "0:00:04"]
[BlackClock "0:00:19"]

1. e4 c5 2. Nf3 Nc6 3. Bc4 e6 4. O-O Nf6 5. d3 d5 6. exd5 exd5 7. Bb3 Be7 8. h3 O-O 9. Re1 Na5 10. Bf4 Nxb3 11. axb3 h6 12. Nc3 Bd7 13. Qd2 a6 14. Ne5 Be6 15. Bxh6 gxh6 16. Qxh6 Nh7 17. Re3 Bg5 18. Rg3 Kh8 19. Qh5 Qf6 20. Ng4 Qg6 21. Qxg6 fxg6 22. Ne5 Bf5 23. Nxd5 Rae8 24. f4 Bxf4 25. Nxf4 Rxe5 26. Rxg6 Bxg6 27. Nxg6+ Kg7 28. Nxe5 Ng5 29. Nf3 Ne6 30. Re1 Kf6 31. Kf2 Rh8 32. h4 Rg8 33. Re4 b5 34. g4 Ng7 35. Kg3 Nh5+ 36. Kh3 Ng7 37. h5 Ne6 38. Kh4 Ng7 39. Rf4+ Ke7 40. g5 Ne6 41. Re4 Kd6 42. h6 Rf8 43. Kg4 Rh8 44. Nh4 Kd7 45. Nf5 Rf8 46. g6 Rf6 47. g7 Rg6+ 48. Kh4 Rg1 49. h7 Nxg7 50. Nxg7 Rh1+ 51. Kg4 Rxh7 52. Nf5 Rh2 53. Re7+ Kc6 54. Re6+ Kd7 55. Rxa6 Rxc2 56. Rb6 b4 57. Ne3 Rxb2 58. Kf4 Rxb3 59. Ke4 Rc3 60. Nc4 Kc7 61. Rb5 Kc6 62. Rb6+ Kc7 63. Ra6 Kb7 64. Ra5 Kc6 65. Ra6+ Kc7 66. Ra1 Kc6 67. Rh1 Kb5 68. Rh6 Ka4 69. Ra6+ Kb3 70. Ra5 Kc2 71. Rxc5 Rxd3 72. Ne3+ Kb2 73. Kxd3 b3 74. Rb5 Ka2 75. Kc3 Kb1 76. Rxb3+ Kc1 77. Ra3 Kb1 78. Ra4 Kc1 79. Ra1# 1-0


[Site "https://www.chess.com"]

[Event "Titled Tuesday Blitz February 28 Late 2023"]
[White "Pichot, Alan"]
[Black "The_Sherman_Variation"]
[WhiteFideId "110973"]
[WhiteElo "2573"]
[BlackElo "2453"]
[Result "1-0"]
[Round "01"]
[TimeControl "180+2"]
[Date "2023.02.28"]
[WhiteClock "0:01:54"]
[BlackClock "0:00:52"]

1. e4 d6 2. d4 g6 3. c4 Bg7 4. Nc3 c6 5. g3 Nd7 6. Bg2 Ngf6 7. Nge2 O-O 8. O-O Re8 9. h3 e5 10. d5 c5 11. a3 h6 12. b4 b6 13. Be3 Nh7 14. Qc2 Ndf8 15. bxc5 bxc5 16. Rab1 f5 17. exf5 gxf5 18. f4 e4 19. g4 Ng6 20. Ng3 Bd4 21. Qd2 Qf6 22. Nh5 Qh8 23. Nb5 Bxe3+ 24. Qxe3 Rd8 25. Nc7 Bd7 26. Nxa8 Rxa8 27. Rb7 Nhf8 28. gxf5 Ne7 29. f6 Nf5 30. Qxe4 Re8 31. Qxf5 Bxf5 32. Rg7+ Qxg7 33. Nxg7 1-0


[Site "https://www.chess.com"]

[Event "Titled Tuesday Blitz February 28 Late 2023"]
[White "Mazurkiewicz, Michal"]
[Black "Moroni, Luca Jr"]
[WhiteFideId "1124943"]
[BlackFideId "865834"]
[WhiteElo "2054"]
[BlackElo "2569"]
[Result "0-1"]
[Round "01"]
[TimeControl "180+2"]
[Date "2023.02.28"]
[WhiteClock "0:00:02"]
[BlackClock "0:00:18"]

1. e4 g6 2. d4 Bg7 3. Nc3 a6 4. f4 d5 5. Nxd5 e6 6. Nc3 Qxd4 7. Nf3 Qxd1+ 8. Nxd1 b6 9. Bd3 Bb7 10. O-O Nd7 11. Be3 Ne7 12. Nc3 O-O-O 13. Ng5 Rdf8 14. e5 Nf5 15. Bf2 h6 16. Nge4 g5 17. g3 gxf4 18. gxf4 Rfg8 19. Ng3 h5 20. Be4 Nxg3 21. hxg3 Bh6 22. Rad1 Bxe4 23. Nxe4 Bxf4 24. Be1 Bxe5 25. Rxf7 Nc5 26. Nxc5 bxc5 27. Kh1 Bd6 28. Bc3 Rh6 29. Rd3 Rhg6 30. Be1 Rg5 31. Rdf3 Re5 32. Bf2 Re2 33. Kg1 Rxc2 34. Kg2 Rxb2 35. Kh3 Rxa2 36. Be3 Ra3 0-1


[Site "https://www.chess.com"]

[Event "Titled Tuesday Blitz February 28 Late 2023"]
[White "Gokerkan, Cem Kaan"]
[Black "Wu, Sibo"]
[WhiteFideId "6336760"]
[BlackFideId "8606048"]
[WhiteElo "2365"]
[BlackElo "2452"]
[Result "1-0"]
[Round "01"]
[TimeControl "180+2"]
[Date "2023.02.28"]
[WhiteClock "0:00:35"]
[BlackClock "0:00:16"]

1. e4 c5 2. c3 d5 3. exd5 Qxd5 4. d4 e6 5. Nf3 Nf6 6. Na3 cxd4 7. Nb5 Qd8 8. Bf4 Na6 9. Nbxd4 Be7 10. Bxa6 bxa6 11. O-O Bb7 12. Qa4+ Qd7 13. Qxd7+ Nxd7 14. Rfd1 Nc5 15. Nb3 Bd5 16. Nxc5 Bxc5 17. c4 Bxf3 18. gxf3 Ke7 19. b3 Rhd8 20. Be3 Bb4 21. Rxd8 Rxd8 22. Bxa7 Rd2 23. Be3 Rc2 24. a3 Bd6 25. Rc1 Ra2 26. c5 Bc7 27. a4 Rb2 28. Rc3 e5 29. Kf1 f5 30. Bc1 Rb1 31. Ke2 Ba5 32. Bg5+ Ke6 33. Rd3 e4 34. Rd6+ Ke5 35. f4# 1-0


[Site "https://www.chess.com"]

[Event "Titled Tuesday Blitz February 28 Late 2023"]
[White "Dzida, Kamil"]
[Black "Mendonca, Leon Luke"]
[WhiteFideId "21828652"]
[BlackFideId "35028561"]
[WhiteElo "2139"]
[BlackElo "2464"]
[Result "0-1"]
[Round "01"]
[TimeControl "180+2"]
[Date "2023.02.28"]
[WhiteClock "0:00:03"]
[BlackClock "0:00:08"]

1. e4 c5 2. Nf3 b6 3. d4 cxd4 4. Nxd4 Bb7 5. Nc3 Nf6 6. e5 Nd5 7. Nxd5 Bxd5 8. Be2 Nc6 9. Nxc6 Bxc6 10. O-O e6 11. Bf3 Rc8 12. c3 Be7 13. Bf4 O-O 14. Bxc6 Rxc6 15. Qd3 Qc7 16. Rfd1 Rd8 17. Qg3 b5 18. Rd3 a5 19. Rad1 b4 20. Bh6 g6 21. cxb4 axb4 22. Bg5 Bxg5 23. Qxg5 Rc5 24. Rd6 Rc2 25. h4 Rf8 26. Rxd7 Qc5 27. Qf6 Rc1 28. h5 Rxd1+ 29. Rxd1 Qc2 30. Rd4 Qxb2 31. Rh4 Qb1+ 32. Kh2 Qf5 33. hxg6 fxg6 34. Qxf5 Rxf5 35. Rxb4 Rxf2 36. a4 Re2 37. Rb5 Re4 38. a5 Ra4 39. g3 Kg7 40. g4 Rxg4 41. Rb6 Ra4 42. a6 g5 43. Rxe6 h5 44. Rb6 g4 45. e6 h4 46. Rb7+ Kf6 47. a7 Kxe6 48. Rb4 Ra2+ 49. Kg1 Kf5 50. Rb5+ Kf4 51. Rb4+ Kf3 52. Rb3+ Kf4 53. Rb4+ Kf5 54. Rb5+ Ke6 55. Rb4 Ra1+ 56. Kg2 Kf5 57. Rb5+ Ke6 58. Rb4 h3+ 59. Kh2 Kf5 60. Rb5+ Kf4 61. Rb4+ Kg5 62. Rb5+ Kh4 63. a8=Q g3# 0-1


[Site "https://www.chess.com"]

[Event "Titled Tuesday Blitz February 28 Late 2023"]
[White "Holt, Conrad"]
[Black "Ramirez Allo, Eduardo"]
[WhiteFideId "2034387"]
[BlackFideId "2224178"]
[WhiteElo "2592"]
[BlackElo "2450"]
[Result "1-0"]
[Round "01"]
[TimeControl "180+2"]
[Date "2023.02.28"]
[WhiteClock "0:01:45"]
[BlackClock "0:01:55"]

1. d4 Nf6 2. c4 c5 3. d5 b5 4. Nf3 d6 5. cxb5 a6 6. e3 g6 7. Nc3 Bg7 8. a4 O-O 9. Ra3 Nbd7 10. Be2 Ne8 11. O-O Nc7 12. e4 Rb8 13. Bg5 h6 14. Be3 Ne5 15. Nxe5 Bxe5 16. Bxh6 Re8 17. Qd2 axb5 18. axb5 Bd7 19. Bf4 Bg7 20. Rb3 Rb7 21. Bh6 Be5 22. f4 Bd4+ 23. Kh1 Qb8 24. f5 Nxb5 25. fxg6 fxg6 26. Qg5 Kh8 27. Nxb5 Bxb5 28. Bxb5 Rxb5 29. Rh3 Rxb2 30. Qxg6 Rb1 31. Bg7+ Kg8 32. Bxd4# 1-0


[Site "https://www.chess.com"]

[Event "Titled Tuesday Blitz February 28 Late 2023"]
[White "Meissner, Felix"]
[Black "Makridis, Dimitrios"]
[WhiteFideId "24671827"]
[BlackFideId "25864475"]
[WhiteElo "2350"]
[BlackElo "2277"]
[Result "1-0"]
[Round "01"]
[TimeControl "180+2"]
[Date "2023.02.28"]
[WhiteClock "0:00:26"]
[BlackClock "0:00:02"]

1. e4 c5 2. Nf3 Nc6 3. Bb5 e6 4. O-O Nge7 5. Re1 a6 6. Bf1 d6 7. b3 e5 8. c3 g6 9. d4 Bg7 10. dxc5 dxc5 11. Qxd8+ Nxd8 12. a4 f6 13. Na3 Nf7 14. Nc4 Be6 15. Be3 Rc8 16. a5 h5 17. Rad1 Rc6 18. Nfd2 Bh6 19. Bxh6 Nxh6 20. Nb6 Nf7 21. Ndc4 Nc8 22. Nd5 Bxd5 23. exd5 Rc7 24. Ne3 Ncd6 25. c4 g5 26. Bd3 Kf8 27. g3 e4 28. Be2 f5 29. f3 f4 30. Ng2 fxg3 31. hxg3 exf3 32. Bxf3 Kg7 33. Re6 Rh6 34. Rde1 Rd7 35. Ne3 g4 36. Bg2 Ng5 37. Re5 Ngf7 38. Nf5+ Nxf5 39. Rxf5 Nd6 40. Rfe5 Rf7 41. Re7 Rf6 42. Rxf7+ Kxf7 43. Re5 Kg6 44. Re7 Rf7 45. Re6+ Rf6 46. Re7 Kf5 47. Kf2 Kg5+ 48. Ke3 h4 49. gxh4+ Kxh4 50. Re6 Kg5 51. Rxf6 Kxf6 52. Kf4 Nf5 53. Be4 Nd4 54. d6 Ne6+ 55. Kxg4 Nd4 56. Bxb7 Ke6 57. Bxa6 Nxb3 58. Bc8+ Kxd6 59. a6 Kc7 60. a7 Nd4 61. a8=Q 1-0


[Site "https://www.chess.com"]

[Event "Titled Tuesday Blitz February 28 Late 2023"]
[White "Alexakis, Dimitris"]
[Black "Bochnicka, Vladimir"]
[WhiteFideId "4277023"]
[BlackFideId "14943450"]
[WhiteElo "2493"]
[BlackElo "2094"]
[Result "1-0"]
[Round "01"]
[TimeControl "180+2"]
[Date "2023.02.28"]
[WhiteClock "0:00:11"]
[BlackClock "0:00:06"]

1. Nf3 Nf6 2. g3 g6 3. Bg2 Bg7 4. O-O O-O 5. d4 d6 6. c4 Nc6 7. Nc3 Bf5 8. Re1 e5 9. e3 e4 10. Nd2 Re8 11. a3 a5 12. b3 Qd7 13. Qc2 Qe7 14. Bb2 Nb8 15. Rac1 Nbd7 16. Nb5 Rac8 17. Na7 Rb8 18. c5 dxc5 19. dxc5 c6 20. Nc4 Ra8 21. Nd6 Reb8 22. Nac8 Rxc8 23. Nxc8 Rxc8 24. b4 axb4 25. axb4 Ne5 26. Bxe5 Qxe5 27. Red1 Nd5 28. Qc4 Qb2 29. Rb1 Qc3 30. Qa2 Nxb4 31. Qa7 Nd3 32. Rxb7 Qc2 33. Rf1 Rf8 34. Rc7 Bh6 35. Qa3 Ne5 36. Qa1 Bg7 37. Qd1 Qa2 38. h3 Qe6 39. g4 Nxg4 40. hxg4 Bxg4 41. Qd6 Qf5 42. Qf4 Qh5 43. Qxe4 Be5 44. f3 Qh2+ 45. Kf2 Bh3 46. Rg1 Bxc7 47. f4 Bxg2 48. Rxg2 Qh4+ 49. Kf3 Rd8 50. Qxc6 Qh5+ 51. Kg3 Rc8 52. Qd7 Qf5 53. Qxf5 gxf5 54. Kf3+ Kf8 55. Rg5 Ke7 56. Rxf5 Ke6 57. Rh5 Rh8 58. e4 Bd8 59. Rd5 Be7 60. f5+ Kf6 61. Kf4 Rc8 62. e5+ Kg7 63. f6+ Bxf6 64. exf6+ Kxf6 65. Rd6+ Kg7 66. c6 h5 67. Kg5 Rh8 68. c7 Rc8 69. Rd7 Kf8 70. Rd8+ Ke7 71. Rxc8 Kd7 72. Rf8 1-0


[Site "https://www.chess.com"]

[Event "Titled Tuesday Blitz February 28 Late 2023"]
[White "Mortazavi, Ali"]
[Black "Boyer, Mahel"]
[WhiteFideId "401323"]
[BlackFideId "45102422"]
[WhiteElo "2339"]
[BlackElo "2434"]
[Result "0-1"]
[Round "01"]
[TimeControl "180+2"]
[Date "2023.02.28"]
[WhiteClock "0:00:02"]
[BlackClock "0:00:03"]

1. Nf3 d5 2. g3 g6 3. Bg2 Bg7 4. O-O Nh6 5. d3 d4 6. c3 c5 7. cxd4 cxd4 8. Na3 Nc6 9. b4 O-O 10. b5 Nb4 11. Bb2 Nf5 12. Nc2 Nxc2 13. Qxc2 Be6 14. g4 Nd6 15. Bxd4 Bxd4 16. Nxd4 Bxg4 17. Qb2 e5 18. Nf3 f6 19. Rac1 Kh8 20. a4 Nf5 21. Rc4 Bxf3 22. Bxf3 Nd4 23. Bxb7 Rb8 24. Bg2 Qd7 25. e3 Ne6 26. Bh3 Rfe8 27. Rfc1 Qxd3 28. Rc6 Ng5 29. Bg2 Qf5 30. Qb4 Rbd8 31. Rc7 Nf3+ 32. Bxf3 Qxf3 33. Qb1 Rd2 34. Rf1 Qg4+ 35. Kh1 Qf3+ 36. Kg1 Red8 37. Qb4 Rd1 38. Rc1 Rxc1 39. Rxc1 h5 40. Qe7 Qg4+ 41. Kf1 Rd1+ 42. Rxd1 Qxd1+ 43. Kg2 Qg4+ 44. Kf1 Qc4+ 45. Kg2 Qe4+ 46. Kg3 Qg4# 0-1


[Site "https://www.chess.com"]

[Event "Titled Tuesday Blitz February 28 Late 2023"]
[White "Real_OceanStorm"]
[Black "Seletsky, Grigory"]
[BlackFideId "14112191"]
[WhiteElo "2773"]
[BlackElo "2490"]
[Result "1-0"]
[Round "01"]
[TimeControl "180+2"]
[Date "2023.02.28"]
[WhiteClock "0:00:16"]
[BlackClock "0:00:12"]

1. e4 c6 2. d4 d5 3. e5 Bf5 4. Nf3 e6 5. c4 Ne7 6. Nc3 h6 7. Rg1 a6 8. c5 Nd7 9. g4 Bh7 10. h4 b6 11. cxb6 Qxb6 12. Na4 Qb7 13. Bd2 Nc8 14. Rc1 Be7 15. Rc3 Na7 16. Rb3 Nb5 17. g5 h5 18. Nc3 Qa7 19. Be3 Bf5 20. Bd3 Bxd3 21. Qxd3 g6 22. Kf1 O-O 23. Kg2 Rab8 24. Rc1 Rfc8 25. Na4 Bf8 26. Qd2 a5 27. Qe2 Rb7 28. Nc3 Nxc3 29. Rbxc3 Nb8 30. R3c2 a4 31. Ne1 Rcc7 32. Nd3 Rb5 33. f4 Rcb7 34. Rb1 R7b6 35. Bd2 Qb7 36. Rbc1 Be7 37. f5 exf5 38. e6 Bd6 39. Bf4 Bxf4 40. e7 Bxc1 41. e8=Q+ Kh7 42. Q2e5 1-0


[Site "https://www.chess.com"]